 Dungeon Crawl Stone Soup version 0.18-a0-1789-gbeff17f (webtiles) character file.

90 Scytalen the Poker (level 4, -15/33 HPs)
             Began as a Demonspawn Gladiator on Apr 21, 2016.
             Engulfed by a cloud of flame (21 damage)
             ... on level 3 of the Dungeon.
             The game lasted 00:05:37 (2057 turns).

Scytalen the Poker (Demonspawn Gladiator)           Turns: 2057, Time: 00:05:38

Health: -15/33     AC:  9    Str: 16    XL:     4   Next: 32%
Magic:  4/4        EV: 13    Int:  9    God:
Gold:   18         SH:  0    Dex: 14    Spells: 0 memorised, 3 levels left

rFire  . . .     SeeInvis .     a - +0 trident
rCold  . . .     Gourm    .     i - +2 ring mail {rN+}
rNeg   + . .     Faith    .     (no shield)
rPois  .         Spirit   .     c - +0 helmet
rElec  .         Dismiss  .     (no cloak)
rCorr  .         Reflect  .     n - +0 pair of gloves
SustAt .         Harm     .     (no boots)
MR     .....                    (no amulet)
Stlth  +.........               (no ring)
                                (no ring)

@: not resistant to hostile enchantments, very unstealthy
A: claws 1, repulsion field 1, sense surroundings 1
a: no special abilities


You were on level 3 of the Dungeon.
You were not hungry.

You visited 1 branch of the dungeon, and saw 3 of its levels.

You collected 18 gold pieces.

Inventory:

Hand Weapons
 a - a +0 trident (weapon)
Missiles
 d - 3 throwing nets
 h - 46 stones (quivered)
 l - 3 curare-tipped needles
Armour
 c - a +0 helmet (worn)
 i - a +2 ring mail of positive energy (worn)
 n - a +0 pair of gloves (worn)
Scrolls
 k - a scroll of enchant armour
Potions
 e - 2 potions of brilliance
 o - a potion of mutation {unknown}
 p - a potion of flight
 q - a potion of heal wounds
Comestibles
 b - 5 chunks of flesh
 f - 3 bread rations
 m - a meat ration


   Skills:
 - Level 2.0 Fighting
 + Level 4.7 Polearms
 - Level 1.7 Throwing
 - Level 2.6 Dodging


You had 3 spell levels left.
You didn't know any spells.

Dungeon Overview and Level Annotations

Branches:
Dungeon (3/15)

Altars:

Annotations:
D:2 exclusion: downstairs
D:3 Sigmund


Innate Abilities, Weirdness & Mutations

You have sharp fingernails.
You are surrounded by a mild repulsion field (EV +2).
You passively map a small area around you.


Message History

The creatures around you are filled with an inner flame!
It was a scroll of immolation.
Sigmund appears from thin air!
Reactivating autopickup.
The giant newt misses you. Sigmund barely misses you.
The giant newt bites you but does no damage.
Drink which item? (? for menu, Esc to quit)
Okay, then.
Read which item? (? for menu, Esc to quit)
Okay, then.
You puncture the giant newt!
The giant newt explodes!
The fiery explosion engulfs you!
Ouch! That really hurt!
* * * LOW HITPOINT WARNING * * *
The fiery explosion engulfs the kobold.
The kobold explodes!
You are engulfed in roaring flames.
Ouch! That really hurt!
You die...

#.#.###.#....# #
#.#.#........ ,,
#.
#.#.#.......,*,
#.. #.#.#......
, ,
#...##.#.#.....,
, , #......#.#
.§§ #....#.#<#
#§#* * **
#.##.#.#####.# ,
#, # #....@@§# ,
* ######### ** *
* * , , , ,, ,
*** * * , , * *
* * * , ,


You could see Sigmund (inner flame).

Vanquished Creatures
  2 adders
  An ooze (D:2)
  A worm (D:2)
  A dart slug (D:2)
  A giant gecko (D:2)
  10 bats
  5 goblins
  6 hobgoblins
  9 jackals
  A quokka (D:1)
  A ball python (D:2)
  3 giant newts
  8 kobolds
  9 rats
58 creatures vanquished.

Notes
Turn   | Place    | Note
--------------------------------------------------------------
     0 | D:1      | Scytalen the Demonspawn Gladiator began the quest for the Orb.
     0 | D:1      | Reached XP level 1. HP: 16/16 MP: 1/1
   125 | D:1      | Reached skill level 3 in Polearms
   173 | D:1      | Gained mutation: You have sharp fingernails. [demonic ancestry]
   173 | D:1      | Reached XP level 2. HP: 17/22 MP: 2/2
   748 | D:1      | Gained mutation: You are surrounded by a mild repulsion field (EV +2). [demonic ancestry]
   748 | D:1      | Reached XP level 3. HP: 27/27 MP: 3/3
   951 | D:2      | Reached skill level 4 in Polearms
  1117 | D:2      | Gained mutation: You passively map a small area around you. [potion of beneficial mutation]
  1472 | D:2      | Reached XP level 4. HP: 16/33 MP: 4/4
  1805 | D:3      | Noticed Sigmund
  2057 | D:3      | Engulfed by a cloud of flame

Vault maps used:
D:1:      minmay_arrival_plants_in_alcoves, minmay_fountain_box
D:2:      serial_glass, glass_columns_c, glass_columns_b
D:3:      kiku_gazebo_garden_becter, first_bread, kennysheep_generic_room_7,
          uniq_iyjb, uniq_sigmund

Skill      XL: |  1  2  3 |
---------------+----------+-----
Polearms       | 3 4 |  4.7
Fighting       | |  2.0
Throwing       | |  1.7
Dodging        | |  2.6

Action                   |  1- 3 |  4- 6 || total
-------------------------+-------+-------++-------
Melee: Trident           |   168 |    55 ||   223
Throw: Stone             |    22 |     4 ||    26
  Use: Scroll            |    10 |     1 ||    11
       Potion            |     1 |       ||     1
 Stab: Sleeping          |     3 |       ||     3
  Eat: Chunk             |     2 |     2 ||     4
Armor: Leather armour    |    42 |     3 ||    45
       Ring mail         |       |    14 ||    14
Dodge: Dodged            |   121 |    26 ||   147
